 Dungeon Crawl Stone Soup version 0.28.0-43-g3370ac3207 (webtiles) character file.

Game seed: 1417510340334519727

56 styxcanada the Sneak (level 3, 0/18 HPs)
             Began as a Spriggan Brigand on Mar 25, 2022.
             Slain by a quokka (4 damage)
             ... on level 2 of the Dungeon.
             The game lasted 00:04:54 (1708 turns).

styxcanada the Sneak (Spriggan Brigand)             Turns: 1708, Time: 00:04:55

Health: 0/18       AC:  3    Str:  7    XL:     3   Next: 71%
Magic:  4/4        EV: 17    Int: 12    God:
Gold:   49         SH:  0    Dex: 18    Spells: 2/2 levels left

rFire   . . .      SeeInvis +   a - +2 dagger
rCold   . . .      Faith    .   (no shield)
rNeg    . . .      Spirit   .   b - +0 robe
rPois   .          Reflect  .   (helmet restricted)
rElec   .          Harm     .   c - +0 cloak
rCorr   .          Rampage  .   (gloves unavailable)
Will    .....                   (boots unavailable)
Stlth   ++++......              (no amulet)
HPRegen 0.06/turn               (no ring)
MPRegen 0.09/turn               (no ring)

@: very quick
A: very small, no large weapons, unfitting armour, see invisible, speed 3
a: no special abilities


You were on level 2 of the Dungeon.
You visited 1 branch of the dungeon, and saw 2 of its levels.

You collected 49 gold pieces.

Inventory:

Hand Weapons
 a - a +2 dagger (weapon)
Missiles
 e - 2 curare-tipped darts (quivered)
 h - 44 stones
 k - 4 boomerangs of dispersal
Armour
 b - a +0 robe (worn)
 c - a +0 cloak (worn)
Scrolls
 f - 2 scrolls of teleportation {unknown}
 g - 3 scrolls of identify {unknown}
Potions
 i - a potion of attraction {unknown}
 j - 2 potions of heal wounds {unknown}
 l - a potion of berserk rage {unknown}
 m - a potion of lignification {unknown}


   Skills:
 * Level 1.8 Fighting
 + Level 2.8 Short Blades
 + Level 2.1 Throwing
 * Level 2.1 Dodging
 * Level 7.1 Stealth


You had 2 spell levels left.
You didn't know any spells.
Your spell library was empty.

Dungeon Overview and Level Annotations

Branches:
Dungeon (2/15)

Altars:
Trog

Shops:
D:1 !


Innate Abilities, Weirdness & Mutations

You are very small and have problems with some larger weapons.
You are too small for most types of armour.
You have supernaturally acute eyesight. (SInv)
You cover ground extremely quickly. (Speed+++)


Message History

The gnoll looks more healthy.
You see here a +0 flail.
You closely miss the gnoll.
The gnoll is moderately wounded.
The gnoll barely misses you.
You hit the gnoll.
The gnoll is heavily wounded.
The gnoll barely misses you.
You hit the gnoll.
The gnoll is heavily wounded.
The gnoll barely misses you.
You hit the gnoll but do no damage.
The gnoll is heavily wounded.
The quokka barely misses you. The gnoll completely misses you.
You hit the gnoll but do no damage.
The gnoll is heavily wounded.
The quokka closely misses you. The gnoll closely misses you.
You hit the gnoll.
The gnoll is severely wounded.
The quokka bites you but does no damage.
The gnoll hits you with a +0 spear.
You closely miss the gnoll.
The gnoll is severely wounded.
The quokka misses you.
You hit the gnoll.
The gnoll is almost dead.
The gnoll barely misses you. The quokka closely misses you.
You closely miss the gnoll.
The gnoll is almost dead.
The quokka closely misses you. The gnoll hits you with a +0 spear.
You hit the gnoll but do no damage.
The gnoll is almost dead.
The quokka misses you. The gnoll hits you with a +0 spear.
* * * LOW HITPOINT WARNING * * *
The gnoll barely misses you.
You closely miss the quokka. The quokka barely misses you.
You hit the quokka.
The quokka is moderately wounded.
The quokka bites you.
You die...

..#.##.....# ##.........#
#...#
..#....#######....#####.#
#.##### ..###............##
#.# #.# #..
...###.#..........
###..##.###..
...##.......##.###.
........((... ........###....
######..#.###.. ......#.#
#..#.# ##...# #.. #.......#
#.....#### ##..# ###
......### #.....@r.#######.(#
#.
#..#....##...#####g......#..#
#. ..##.##.... #.......#..#
##. ...........
#.......#$.###.. ......#....
#..........(.... .......# .#
#....).(........ .......#
#.............#. ........
#.........(..... .......#
##...#.###..>..#


You could see a gnoll and a quokka.

Vanquished Creatures
  2 gnolls (D:2)
  2 dart slugs (D:1)
  A bat (D:1)
  3 endoplasms
  5 goblins
  6 hobgoblins
  2 quokkas (D:1)
  A ball python (D:1)
  4 frilled lizards
  2 kobolds (D:1)
  3 rats (D:1)
31 creatures vanquished.

Notes
Turn   | Place    | Note
-------+----------+-------------------------------------------
     0 | D:1      | styxcanada the Spriggan Brigand began the quest for the
                  | Orb.
     0 | D:1      | Reached XP level 1. HP: 10/10 MP: 2/2
   105 | D:1      | Found Adoh's Distillery.
   108 | D:1      | Reached skill level 6 in Stealth
   173 | D:1      | Reached XP level 2. HP: 6/15 MP: 3/3
   775 | D:1      | Found a faded altar of an unknown god.
  1006 | D:1      | Reached XP level 3. HP: 18/18 MP: 4/4
  1588 | D:2      | Found a bloodstained altar of Trog.
  1657 | D:2      | Reached skill level 7 in Stealth
  1708 | D:2      | Slain by a quokka

Illustrated notes

Levels and vault maps discovered:
D:1:      wander_arrival_lonely_grave, layout_basic, serial_shops, shop,
          shapermc_ecumenical_altar_gd, amcnicky_mini_pool_small
D:2:      layout_rooms, basic_altar, chequers_serial_rivers_large_a

Skill      XL: |  1  2  3 |
---------------+----------+-----
Stealth        | 6 7 |  7.1
Dodging        | 2 |  2.1
Fighting       | |  1.8
Short Blades   | |  2.8
Throwing       | |  2.1

Action                   || total
-------------------------++-------
Melee: Dagger            ||   105
       Punch             ||     2
Throw: Dart              ||    16
 Stab: Sleeping          ||    10
Armor: Robe              ||    10
Dodge: Dodged            ||    68
